 Dungeon Crawl Stone Soup version 0.30.1 (webtiles) character file.

Game seed: 1102676702982860696

2287 LynnLen the Covert (level 9, -4/41 HPs)
             Began as a Spriggan Enchanter on July 8, 2023.
             Was a Follower of Dithmenos.
             Slain by a two-headed ogre
             ... wielding a +0 giant club
              (26 damage)
             ... on level 6 of the Dungeon.
             The game lasted 00:20:09 (6341 turns).

LynnLen the Covert (Spriggan Enchanter)             Turns: 6341, Time: 00:20:09

Health: -4/41      AC:  3    Str:  4    XL:     9   Next: 17%
Magic:  15/15      EV: 18    Int: 20    God:    Dithmenos [*.....]
Gold:   310        SH:  0    Dex: 16    Spells: 7/15 levels left

rFire   . . .        i - +2 short sword (speed)
rCold   . . .        (no shield)
rNeg    . . .        b - +0 robe
rPois   .            (helmet restricted)
rElec   .            w - +0 cloak
rCorr   .            (gloves unavailable)
SInv    +            (boots unavailable)
Will    +....        (no amulet)
Stlth   ++++++       (no ring)
HPRegen 0.26/turn    (no ring)
MPRegen 0.14/turn

%: no passive effects
@: wreathed by umbra, very quick
A: very small, no large weapons, unfitting armour, see invisible, speed 3
a: Renounce Religion


You were on level 6 of the Dungeon.
You worshipped Dithmenos.
Dithmenos was aware of your devotion.
You visited 1 branch of the dungeon, and saw 6 of its levels.

You collected 310 gold pieces.

Inventory:

Hand Weapons
 i - a +2 short sword of speed (weapon)
Missiles
 j - 11 poisoned darts
Armour
 b - a +0 robe (worn)
 w - a +0 cloak (worn)
Wands
 s - a wand of digging (3)
 t - a wand of roots (11)
 v - a wand of flame (40)
 y - a wand of mindburst (19)
Scrolls
 a - 2 scrolls of teleportation
 k - a scroll of immolation {unknown}
 p - a scroll of vulnerability {unknown}
 r - a scroll of enchant weapon {unknown}
 u - 3 scrolls of blinking
 x - a scroll of silence {unknown}
 z - a scroll of fog {unknown}
 A - a scroll of enchant armour {unknown}
 B - a scroll of fear
Potions
 c - a potion of invisibility
 d - a potion of ambrosia {unknown}
 e - 7 potions of curing
 f - 4 potions of heal wounds
 g - 3 potions of cancellation
 h - 2 potions of degeneration {unknown}
 l - a potion of attraction {unknown}
 m - a potion of flight {unknown}
 n - a potion of might {unknown}
 o - a potion of brilliance {unknown}
 q - 2 potions of mutation {unknown}


   Skills:
 + Level 1.4 Fighting
 + Level 6.0 Short Blades
 + Level 3.9 Dodging
 * Level 12.6 Stealth
 + Level 3.7 Spellcasting
 * Level 7.9 Hexes
 + Level 1.6 Ice Magic
 + Level 1.3 Invocations
 + Level 2.0 Evocations


You had 7 spell levels left.
You knew the following spells:

 Your Spells              Type           Power      Damage    Failure   Level
a - Ensorcelled Hibernat  Hex/Ice        44%        N/A       2%          2
b - Confusing Touch       Hex            35%        N/A       1%          3
c - Tukima's Dance        Hex            35%        N/A       1%          3

Your spell library contained the following spells:

 Spells                   Type           Power      Damage    Failure   Level
 Dazzling Flash           Conj/Hex       38%        N/A       8%          3
 Apportation              Tloc           6%         N/A       13%         1
 Anguish                  Hex/Necr       9%         N/A       26%         4
 Spider Form              Tmut/Pois      3%         N/A       36%         3
 Silence                  Hex/Air        9%         N/A       58%         5
 Agony                    Necr           3%         N/A       98%         5
 Alistair's Intoxication  Tmut/Pois      2%         N/A       98%         5


Dungeon Overview and Level Annotations

Branches:
Dungeon (6/15)             Temple (0/1) D:6

Altars:
Dithmenos
Elyvilon
Gozag
Ru
Xom

Shops:
D:6 *


Innate Abilities, Weirdness & Mutations

You are very small and have problems with some larger weapons.
You are too small for most types of armour.
You have supernaturally acute eyesight. (SInv)
You cover ground extremely quickly. (Speed+++)


Message History

z - a scroll labelled PAIHAMMISK
Found a shimmering altar of Xom.
Found a stone staircase leading down.
There is a stone staircase leading down here.
A - a scroll labelled KAAHUFR SOUNTA You pick up a book of Party Tricks and begin reading...
You add the spells Apportation and Alistair's Intoxication to your library.
g - 3 potions of cancellation (gained 1)
You open the door.
There is an open door here.
You open the door.
There is an open door here.
B - a scroll of fear You now have 310 gold pieces (gained 3).
You open the door.
Found a chain mail.
Found a robe.
Found a stone staircase leading down.
t - a wand of roots (11) (gained 5 charges)
An ice beast comes into view.
Found Tirudama's Elemental Accessories.
The helpless ice beast fails to defend itself.
You stick the ice beast like a pincushion!!!
You kill the ice beast!
Dithmenos accepts your kill.
Your Short Blades skill increases to level 6!
There is an entrance to Tirudama's Elemental Accessories here.
You can access your shopping list by pressing '$'.
u - 3 scrolls of blinking (gained 1)
There is a stone staircase leading down here.
You see here a +0 chain mail.
You see here a +0 chain mail.
The frilled lizard hisses angrily.
A two-headed ogre comes into view. It is wielding two +0 giant clubs.
A two-headed ogre is nearby!
The helpless two-headed ogre fails to defend itself.
You stick the two-headed ogre like a pincushion!!!
The two-headed ogre is almost dead.
The two-headed ogre hits you with a +0 giant club!! x2
Ouch! That really hurt!
You die...

#~~~#.........#~~
##..#.........#~~
#~.#.........#~.
##.#####.#####~#
#~~.~.#.#..~.~#
###.~.#.#.~~###
###b#.#.###
###.#########.#
#.......@O..#
#############


You could see a two-headed ogre.

Vanquished Creatures
  Prince Ribbit (D:5)
  Eustachio (D:4)
  Duvessa (D:5)
  An orc warrior (D:5)
  2 ice beasts (D:6)
  A black bear (D:5)
  3 ogres
  A centaur (D:5)
  2 phantoms
  Blork the orc (D:4)
  A scorpion (D:5)
  Dowan (D:5)
  5 jellies
  2 hounds (D:5)
  3 orc priests
  7 iguanas
  3 sleepcaps
  An orc wizard (D:6)
  5 gnolls
  5 adders
  2 white imps (D:5)
  4 ufetubi
  3 worms
  3 dart slugs
  8 orcs
  3 bats
  17 endoplasms
  4 giant cockroaches
  6 goblins
  8 hobgoblins
  7 jackals
  8 quokkas
  5 ball pythons
  7 frilled lizards
  10 kobolds
  6 rats
148 creatures vanquished.

Vanquished Creatures (collateral kills)
  An endoplasm (D:3)
1 creature vanquished.

Grand Total: 149 creatures vanquished

Notes
Turn   | Place    | Note
-------+----------+-------------------------------------------
     0 | D:1      | LynnLen the Spriggan Enchanter began the quest for the Orb.
     0 | D:1      | Reached XP level 1. HP: 9/9 MP: 5/5
   333 | D:1      | Reached XP level 2. HP: 13/13 MP: 6/6
   336 | D:1      | Learned a level 2 spell: Ensorcelled Hibernation
   353 | D:1      | Reached skill level 5 in Stealth
  1370 | D:2      | Reached XP level 3. HP: 16/16 MP: 2/8
  1374 | D:2      | Learned a level 3 spell: Confusing Touch
  1982 | D:2      | Reached skill level 6 in Stealth
  2362 | D:3      | Reached XP level 4. HP: 19/21 MP: 1/9
  2370 | D:3      | Learned a level 3 spell: Tukima's Dance
  3012 | D:4      | Found a sacrificial altar of Ru.
  3083 | D:4      | Noticed a phantom
  3104 | D:4      | Killed a phantom
  3105 | D:4      | Reached skill level 7 in Stealth
  3105 | D:4      | Reached XP level 5. HP: 14/24 MP: 7/10
  3239 | D:4      | Reached skill level 5 in Hexes
  3296 | D:4      | Reached skill level 8 in Stealth
  3299 | D:4      | Reached XP level 6. HP: 28/28 MP: 6/11
  3536 | D:4      | Noticed Eustachio
  3562 | D:4      | Killed Eustachio
  3563 | D:4      | Reached skill level 9 in Stealth
  3790 | D:4      | Reached XP level 7. HP: 32/32 MP: 12/12
  4002 | D:4      | Found a white marble altar of Elyvilon.
  4003 | D:4      | Found a shadowy altar of Dithmenos.
  4009 | D:4      | Became a worshipper of Dithmenos the Shadowed
  4067 | D:4      | Noticed Blork the orc
  4071 | D:4      | Killed Blork the orc
  4072 | D:4      | Reached skill level 10 in Stealth
  4270 | D:5      | Entered Level 5 of the Dungeon
  4404 | D:5      | Noticed Prince Ribbit
  4406 | D:5      | Reached skill level 5 in Short Blades
  4406 | D:5      | Reached skill level 11 in Stealth
  4406 | D:5      | Reached XP level 8. HP: 36/36 MP: 13/13
  4442 | D:5      | Killed Prince Ribbit
  4479 | D:5      | Noticed Duvessa
  4480 | D:5      | Noticed Dowan
  4500 | D:5      | Killed Duvessa
  4503 | D:5      | Killed Dowan
  4504 | D:5      | Reached skill level 12 in Stealth
  4780 | D:5      | Found an opulent altar of Gozag.
  4860 | D:5      | Reached * piety under Dithmenos
  5148 | D:5      | Reached skill level 1 in Ice Magic
  5150 | D:5      | Reached skill level 1 in Evocations
  5175 | D:5      | Reached skill level 1 in Fighting
  5204 | D:5      | Reached skill level 1 in Invocations
  5608 | D:6      | Found a staircase to the Ecumenical Temple.
  5666 | D:6      | Reached XP level 9. HP: 39/41 MP: 2/15
  6061 | D:6      | Found a shimmering altar of Xom.
  6196 | D:6      | Found Tirudama's Elemental Accessories.
  6334 | D:6      | Noticed a two-headed ogre
  6341 | D:6      | Slain by a two-headed ogre

Illustrated notes

Levels and vault maps discovered:
D:1:      amcnicky_arrival_abandoned_market, layout_basic
D:2:      layout_rooms, feat_on_display
D:3:      layout_rooms
D:4:      cheibrodos_fertilizer, layout_loops_corners,
          nicolae_ru_the_path_less_chosen, gammafunk_temple_overflow_pools,
          uniq_blork_the_orc, uniq_eustachio
D:5:      cheibrodos_barr_body, layout_rooms, kennysheep_mini_moat,
          uniq_duvessa, uniq_prince_ribbit1
D:6:      layout_basic, lemuel_round_altar, lemuel_crystal_altar,
          minmay_temple_entry_stoned_glass, serial_aquarium,
          aquarium_bridge_island_large [aquarium_subvault_large_open,
          aquarium_subvault_wall, aquarium_subvault_window,
          aquarium_subvault_bridge, aquarium_subvault_bridge],
          aquarium_bridge_square [aquarium_subvault_bridge,
          aquarium_subvault_bridge, aquarium_subvault_wall,
          aquarium_subvault_wall], aquarium_window_fake, aquarium_window_1,
          aquarium_window_corner, aquarium_window_corridor_1, aquarium_view_2d,
          aquarium_view_2b, aquarium_pool_double, nicolae_elemental_shop,
          uniq_crazy_yiuf_cottage

Skill      XL: |  1  2  3  4  5  6  7  8  9 |
---------------+----------------------------+-----
Stealth        | 5 6 7 8 9 11 12 | 12.6
Hexes          | 4 5 6 7 |  7.9
Short Blades   | 2 3 4 5 6 |  6.0
Dodging        | 3 |  3.9
Spellcasting   | 3 |  3.7
Ice Magic      | 1 |  1.6
Evocations     | 1 2 |  2.0
Fighting       | 1 |  1.4
Invocations    | 1 |  1.3

Action                     |  1- 3 |  4- 6 |  7- 9 || total
---------------------------+-------+-------+-------++-------
  Melee: Dagger            |    98 |       |       ||    98
         Short sword       |    45 |   100 |   166 ||   311
         Punch             |       |     2 |     1 ||     3
  Throw: Dart              |       |       |     1 ||     1
   Cast: Ensorcelled Hiber |    32 |    11 |    44 ||    87
         Confusing Touch   |       |     3 |    11 ||    14
         Tukima's Dance    |       |       |     2 ||     2
    Use: Potion            |     1 |       |     1 ||     2
         Scroll            |     3 |       |     4 ||     7
   Stab: Sleeping          |    26 |    22 |    41 ||    89
         Confused          |       |     2 |    10 ||    12
 Armour: Robe              |    15 |     4 |     5 ||    24
  Dodge: Dodged            |    99 |    26 |    65 ||   190
